 Dungeon Crawl Stone Soup version 0.28-a0-1429-gf3d713df7a (webtiles) character file.

Game seed: 10042470200025566861

50 Gwenloh the Grave Robber (level 3, 0/28 HPs)
             Began as a Deep Dwarf Necromancer on Jan 9, 2022.
             Slain by a gnoll shaman (5 damage)
             ... on level 1 of the Dungeon.
             The game lasted 00:08:13 (4097 turns).

Gwenloh the Grave Robber (Deep Dwarf Necromancer)   Turns: 4097, Time: 00:08:14

Health: 0/28       AC:  2    Str: 11    XL:     3   Next: 55%
Magic:  2/5        EV: 12    Int: 17    God:
Gold:   87         SH:  0    Dex: 13    Spells: 2/6 levels left

rFire   . . .      SeeInvis .   b - +0 dagger
rCold   . . .      Faith    .   (no shield)
rNeg    . . .      Spirit   .   a - +0 robe
rPois   .          Reflect  .   (no helmet)
rElec   .          Harm     .   (no cloak)
rCorr   .          Rampage  .   (no gloves)
Will    .....                   (no boots)
Stlth   ++........              (no amulet)
HPRegen 0.00/turn               (no ring)
MPRegen 0.09/turn               (no ring)

@: no status effects
A: damage resistance, heal wounds, sense surroundings 1, no regeneration
a: Heal Wounds


You were on level 1 of the Dungeon.
You visited 1 branch of the dungeon, and saw 3 of its levels.

You collected 87 gold pieces.

Inventory:

Hand Weapons
 b - a +0 dagger (weapon)
Missiles
 k - 14 poisoned darts
Armour
 a - a +0 robe (worn)
 f - a +0 leather armour
 n - the +1 leather armour "Qoclau Facy" {rN+ Int+6}
   (You found it on level 3 of the Dungeon)

   Int:       It affects your intelligence (+6).
   rN:        It protects you from negative energy.
 o - a +2 pair of boots
Scrolls
 c - 3 scrolls of identify {unknown}
 h - a scroll of holy word {unknown}
 l - a scroll of magic mapping {unknown}
Potions
 d - a potion of heal wounds {unknown}
 e - a potion of resistance {unknown}
 g - a potion of invisibility {unknown}
 i - a potion of curing {unknown}
 j - a potion of magic {unknown}
 m - a potion of cancellation {unknown}


   Skills:
 - Level 2.1 Dodging
 + Level 3.3 Stealth
 + Level 2.2 Spellcasting
 * Level 5.2 Necromancy


You had 2 spell levels left.
You knew the following spells:

 Your Spells              Type           Power      Damage    Failure   Level
a - Pain                  Necr           76%        1d7       2%          1
b - Vampiric Draining     Necr           19%        2d7       7%          3

Your spell library contained the following spells:

 Spells                   Type           Power      Damage    Failure   Level
 Animate Skeleton         Necr           38%        N/A       2%          1
 Animate Dead             Necr           9%         N/A       22%         4
 Agony                    Necr           19%        N/A       52%         5
 Leda's Liquefaction      Hex/Erth       0%         N/A       88%         4
 Lee's Rapid Deconstruct  Erth           0%         3d5*      99%         5
 Statue Form              Tmut/Erth      0%         N/A       100%        6


Dungeon Overview and Level Annotations

Branches:
Dungeon (3/15)

Altars:


Innate Abilities, Weirdness & Mutations

You are resistant to damage.
You can heal yourself by infusing magical energy.
You passively map a small area around you.
You do not regenerate.


Message History

Aim: a gnoll shaman, wielding a +0 club and wearing a +0 leather armour (almost dead, chance to affect: 78%)
The gnoll shaman barely resists.
The gnoll shaman utters an invocation to its god.
The gnoll shaman is healed somewhat.
Casting: Pain (safe; 2% risk of failure)
Confirm with . or Enter, or press ? or * to list all spells.
Aiming: Pain (safe; 2% risk of failure)
Press: ? - help, Shift-Dir - straight line, f/p - gnoll shaman
Aim: a gnoll shaman, wielding a +0 club and wearing a +0 leather armour (severely wounded, chance to affect: 78%)
The gnoll shaman writhes in agony.
The gnoll shaman prays to its god.
The gnoll shaman is healed somewhat.
Casting: Pain (safe; 2% risk of failure)
Confirm with . or Enter, or press ? or * to list all spells.
You don't have enough magic to cast this spell.
You don't have enough magic to cast this spell.
The gnoll shaman barely misses you.
You climb upwards.
There is a stone staircase leading down here.
You hit the gnoll shaman.
The gnoll shaman is heavily wounded.
The gnoll shaman hits you with a +0 club.
You hit the gnoll shaman but do no damage.
The gnoll shaman is heavily wounded.
The gnoll shaman hits you with a +0 club.
You hit the gnoll shaman but do no damage.
The gnoll shaman is heavily wounded.
The gnoll shaman closely misses you.
You hit the gnoll shaman but do no damage.
The gnoll shaman is heavily wounded.
The gnoll shaman hits you with a +0 club!
You hit the gnoll shaman.
The gnoll shaman is severely wounded.
The gnoll shaman hits you with a +0 club.
* * * LOW HITPOINT WARNING * * *
You hit the gnoll shaman but do no damage.
The gnoll shaman is severely wounded.
You are no longer glowing.
The gnoll shaman hits you with a +0 club!
You die...

.................#.# #>#
#########†.#.#####.# #.#
#........#.# #.# ####
#....###.#.# #.# ...#
#....#...#.# #.# ...#
♣♣♣♣.#####.# #.#
...###♣♣♣♣♣P♣#.....# #.#
.....>♣♣.......#######.#
...###♣♣P♣.♣♣...@g.....# ####
#♣♣♣♣♣...################## #
#####.#......# #..............
# #........#...##
###############
###.......[.....###..........#
#
.........#.#.#.#.##.#####..#.#
#
###........†........#####..#.#
#
..#.....#.#.#.#.#.#........#.#
#
#.#.###...........#.#####.##.#
#


You could see a gnoll shaman.

Vanquished Creatures
  5 dart slugs
  An orc (D:3)
  A bat (D:3)
  5 endoplasms
  3 giant cockroaches
  3 goblins
  5 hobgoblins
  5 kobolds
  3 ball pythons
  5 frilled lizards (D:1)
  2 rats (D:1)
  2 bushes (D:1)
40 creatures vanquished.

Vanquished Creatures (others)
  4 plants (D:1)
4 creatures vanquished.

Grand Total: 44 creatures vanquished

Notes
Turn   | Place    | Note
-------+----------+-------------------------------------------
     0 | D:1      | Gwenloh the Deep Dwarf Necromancer began the quest for the
                  | Orb.
     0 | D:1      | Reached XP level 1. HP: 15/15 MP: 3/3
   364 | D:1      | Reached XP level 2. HP: 19/22 MP: 1/4
  2742 | D:2      | Reached skill level 5 in Necromancy
  2813 | D:2      | Found a faded altar of an unknown god.
  2938 | D:2      | Reached XP level 3. HP: 22/28 MP: 4/6
  2942 | D:2      | Learned a level 3 spell: Vampiric Draining
  3794 | D:3      | Identified the +1 leather armour "Qoclau Facy" {rN+ Int+6}
  4097 | D:1      | Slain by a gnoll shaman

Illustrated notes

Levels and vault maps discovered:
D:1:      shiori_arrival_maze, layout_basic, serial_forest,
          infiniplex_forest_split, infiniplex_forest_lined_3,
          infiniplex_forest_end_1, infiniplex_forest_lined_2,
          infiniplex_forest_straight_2, infiniplex_forest_straight_2,
          infiniplex_forest_straight_3, infiniplex_forest_clump_large,
          hex_medium
D:2:      layout_loops_corners, shapermc_ecumenical_altar_totnotflames,
          kennysheep_generic_room_8
D:3:      kennysheep_slugbush, layout_basic, minmay_fountain_box

Skill      XL: |  1  2 |
---------------+-------+-----
Spellcasting   | 2 |  2.2
Stealth        | 3 |  3.3
Necromancy     | 5 |  5.2
Dodging        | |  2.1

Action                   || total
-------------------------++-------
Melee: Unarmed           ||    11
       Dagger            ||   939
       Punch             ||    33
 Cast: Pain              ||    71
       Vampiric Draining ||     7
 Abil: Heal Wounds       ||     1
Armor: Robe              ||     1
Dodge: Dodged            ||    27

Table legend: (Time is in decaauts)
 A = Elapsed time spent in this place.
 B = Non-inter-level travel time spent in this place.
 C = Inter-level travel time spent in this place.
 D = Time resting spent in this place.
 E = Time spent auto-exploring this place.
 F = Levels seen in this place.
 G = Mean time per level.
                   A        B        C        D        E       F      G
               +--------+--------+--------+--------+--------+-----+--------+
         Total |   4107 |   3868 |    239 |    396 |   2005 |   3 | 1369.0 |
       Dungeon |   4107 |   3868 |    239 |    396 |   2005 |   3 | 1369.0 |
               +--------+--------+--------+--------+--------+-----+--------+

Top non-repeatable levels by time:
     D:1: 2442 daAuts
     D:2: 1576 daAuts
     D:3: 89 daAuts
